 Dungeon Crawl Stone Soup version 0.22.1-1-ga44c0e5 (webtiles) character file.

144 seyes the Changer (level 5, -6/40 HPs)
             Began as a Draconian Transmuter on Sept 21, 2018.
             Mangled by an orc wizard
             ... wielding a cursed +0 rapier
              (8 damage)
             ... on level 3 of the Dungeon.
             The game lasted 00:12:27 (2539 turns).

seyes the Changer (Draconian Transmuter)            Turns: 2539, Time: 00:12:28

Health: -6/40      AC:  5    Str: 12    XL:     5   Next: 5%
Magic:  10/10      EV: 12    Int: 14    God:
Gold:   169        SH:  0    Dex: 12    Spells: 8/11 levels left

rFire    . . .     SeeInvis .     - Unarmed
rCold    . . .     Gourm    .   (no shield)
rNeg     . . .     Faith    .   (armour unavailable)
rPois    .         Spirit   .   (helmet restricted)
rElec    .         Reflect  .   (no cloak)
rCorr    .         Harm     .   (no gloves)
MR       +....                  (no boots)
Stlth    +.........             f - amulet of rage
HPRegen  0.13/turn              g - ring of protection from magic
MPRegen  0.12/turn              (no ring)

@: appendage
A: unfitting armour, horns 2, cold-blooded, AC +5
a: End Transformation, Evoke Berserk Rage


You were on level 3 of the Dungeon.
You were hungry.
You had grown temporary horns.
You visited 1 branch of the dungeon, and saw 3 of its levels.

You collected 169 gold pieces.

Inventory:

Missiles
 a - 56 arrows
 b - 68 stones (quivered)
Jewellery
 e - an uncursed amulet of faith
 f - an amulet of rage (around neck)
 g - a ring of protection from magic (left hand)
 m - an uncursed ring of attention
Scrolls
 h - a scroll of magic mapping {unknown}
 j - 2 scrolls of enchant weapon {unknown}
 o - a scroll of amnesia {unknown}
Potions
 i - 3 potions of heal wounds {unknown}
 k - a potion of lignification {unknown}
 l - a potion of curing {unknown}
 n - a potion of resistance {unknown}
Comestibles
 c - 3 rations


   Skills:
 - Level 1.1 Fighting
 - Level 1.7 Dodging
 - Level 3.0 Unarmed Combat
 + Level 3.7 Spellcasting
 + Level 4.0 Transmutations


You had 8 spell levels left.
You knew the following spells:

 Your Spells              Type           Power        Failure   Level  Hunger
a - Beastly Appendage     Tmut           ##....       3%          1    None
t - Sticks to Snakes      Tmut           ##......     6%          2    ##.....

Your spell library contained the following spells:

 Spells                   Type           Power        Failure   Level  Hunger
 Spider Form              Tmut/Pois      #.........   26%         3    ###....
 Ice Form                 Ice/Tmut       #.......     65%         4    ####...
 Blade Hands              Tmut           ##........   71%         5    ######.


Dungeon Overview and Level Annotations

Branches:
Dungeon (3/15)

Altars:
Ashenzari
Fedhas


Innate Abilities, Weirdness & Mutations

Your plain brown scales are hard. (AC +5)
You cannot fit into any form of body armour.
You are cold-blooded and may be slowed by cold attacks.
You have a pair of horns on your head.


Message History

Something barely misses you.
You barely miss something. You closely miss something. You punch something.
Something hits you.
You hit something. Something hits you.
You closely miss something. You tail-slap something. Something hits you.
You barely miss something. Your headbutt misses something.
Something hits you but does no damage.
You miss something.
Your tail-slap misses something.
Something hits you.
You closely miss something. Something hits you.
You barely miss something.
Your tail-slap misses something.
You hear some strange, mumbled words.
A magic dart appears from out of thin air!
The magic dart hits you!
* * * LOW HITPOINT WARNING * * *
You closely miss something. Your headbutt misses something. Something hits you.
* * * LOW HITPOINT WARNING * * *
You hit something. You miss something. Your headbutt misses something.
You tail-slap something. Something hits you!
You die...

.. ##.##........#..# #.# #
#.##...........# ####.#
#.#######...##.# ##.##.# #.#
##.###.#####...... #.#
#...............# ...
#<##..#####...#.# .. #.##.##
#..##.# ###....######{##.#
#...... ... #.....†@.##.# #.###.#
#.# ###########.# ##..#.#
#.###### ####.#### #..)..
#####......# #.......# ##.###.
#...).####.# #.......###..#...
##.###....#.# #.......#....#...
##.###.##.#.# #...........##...
.#.##...#.#.#####.........#⌠.##+#
......_......##...........#......


There were no monsters in sight!

Vanquished Creatures
  An orc wizard (D:3)
  An orc priest (D:3)
  An adder (D:2)
  2 worms
  3 leopard geckos
  4 orcs (D:3)
  A giant cockroach (D:1)
  7 goblins
  14 hobgoblins
  5 jackals
  7 kobolds
  2 bats
  6 frilled lizards
  7 rats
61 creatures vanquished.

Vanquished Creatures (collateral kills)
  A worm (D:3)
1 creature vanquished.

Grand Total: 62 creatures vanquished

Notes
Turn   | Place    | Note
-------+----------+-------------------------------------------
     0 | D:1      | seyes the Draconian Transmuter began the quest for the Orb.
     0 | D:1      | Reached XP level 1. HP: 16/16 MP: 3/3
   294 | D:1      | Reached XP level 2. HP: 19/23 MP: 5/5
   654 | D:1      | Reached XP level 3. HP: 20/28 MP: 5/7
  1085 | D:2      | Learned a level 2 spell: Sticks to Snakes
  1112 | D:2      | Reached skill level 3 in Transmutations
  1662 | D:3      | Found a shattered altar of Ashenzari.
  1719 | D:3      | Reached XP level 4. HP: 21/35 MP: 6/8
  1908 | D:3      | Found a blossoming altar of Fedhas.
  2182 | D:3      | Reached XP level 5. HP: 17/40 MP: 8/10
  2453 | D:3      | Reached skill level 4 in Transmutations
  2537 | D:3      | HP: 1/40 [something (6)]
  2539 | D:3      | Mangled by an orc wizard

Skill      XL: |  1  2  3  4  5 |
---------------+----------------+-----
Transmutations | 3 4 |  4.0
Spellcasting   | 3 |  3.7
Fighting       | |  1.1
Dodging        | |  1.7
Unarmed Combat | |  3.0

Action                   |  1- 3 |  4- 6 || total
-------------------------+-------+-------++-------
Melee: Unarmed           |   160 |    78 ||   238
       Tailslap          |    14 |    11 ||    25
       Headbutt          |     6 |     3 ||     9
       Kick              |     5 |     2 ||     7
       Punch             |     1 |     2 ||     3
Throw: Stone             |     3 |     1 ||     4
 Cast: Beastly Appendage |    12 |     6 ||    18
       Sticks to Snakes  |       |     2 ||     2
  Use: Scroll            |     3 |     1 ||     4
 Stab: Sleeping          |     3 |       ||     3
  Eat: Chunk             |     3 |     2 ||     5
Armor: Skin              |    28 |    15 ||    43
Dodge: Dodged            |    82 |    28 ||   110
